 Dungeon Crawl Stone Soup version 0.28.0-45-g0d030f2227 (webtiles) character file.

Game seed: 6888191457125090520

82 zeratav the Insei (level 4, 0/29 HPs)
             Began as an Octopode Transmuter on Apr 10, 2022.
             Slain by a worm (6 damage)
             ... on level 3 of the Dungeon.
             The game lasted 00:03:22 (2307 turns).

zeratav the Insei (Octopode Transmuter)             Turns: 2307, Time: 00:03:23

Health: 0/29       AC:  1    Str:  9    XL:     4   Next: 43%
Magic:  6/7        EV: 13    Int: 15    God:
Gold:   80         SH:  0    Dex: 14    Spells: 6/7 levels left

rFire   . . .      SeeInvis .     - Unarmed
rCold   . . .      Faith    .   (no shield)
rNeg    . . .      Spirit   .   (helmet currently unavailable)
rPois   .          Reflect  .   (no amulet)
rElec   .          Harm     .   (no ring)
rCorr   .          Rampage  .   (no ring)
Will    .....                   (no ring)
Stlth   +++.......              (no ring)
HPRegen 0.09/turn               (no ring)
MPRegen 0.10/turn               (no ring)
                                (no ring)
                                (no ring)

@: appendages (expiring)
A: tentacle spike 3, almost no armour, amphibious, 8 rings, camouflage 1,
gelatinous body 1, (nimble swimmer 1), tentacles
a: End Transformation


You were on level 3 of the Dungeon.
One of your tentacles had grown a beastly spike.
You visited 1 branch of the dungeon, and saw 3 of its levels.

You collected 80 gold pieces.


Innate Abilities, Weirdness & Mutations

One of your tentacles has grown a beastly spike.
You cannot wear most types of armour.
You are amphibious.
You can wear up to eight rings at the same time.
Your skin changes colour to match your surroundings (Stealth+).
Your rubbery body absorbs attacks. (AC +1, EV +1)
((You are camouflaged when in or above water. (Stealth+)))
You have tentacles for arms and can constrict up to eight enemies at once.


   Skills:
 + Level 2.0 Fighting
 + Level 2.6 Dodging
 + Level 2.3 Stealth
 * Level 3.9 Unarmed Combat
 - Level 2.0 Spellcasting
 - Level 2.0 Transmutations


You had 6 spell levels left.
You knew the following spells:

 Your Spells              Type           Power      Damage    Failure   Level
a - Beastly Appendage     Tmut           14%        N/A       10%         1

Your spell library contained the following spells:

 Spells                   Type           Power      Damage    Failure   Level
 Wereblood                Tmut           7%         N/A       14%         2
 Spider Form              Tmut/Pois      4%         N/A       41%         3
 Ignite Poison            Fire/Tmut/Pois 3%         N/A       45%         3
 Conjure Flame            Conj/Fire      1%         6-21      54%         3
 Ice Form                 Ice/Tmut       4%         N/A       82%         4
 Sticky Flame             Conj/Fire      1%         2d3       91%         4

Inventory:

Scrolls
 a - 2 scrolls of teleportation {unknown}
 d - 3 scrolls of noise {unknown}
 e - 3 scrolls of identify {unknown}
 f - a scroll of amnesia {unknown}
Potions
 b - a potion of might {unknown}
 c - a potion of haste {unknown}
 g - a potion of cancellation {unknown}
 h - a potion of mutation {unknown}
 i - a potion of curing {unknown}

Dungeon Overview and Level Annotations

Branches:
Dungeon (3/15)

Altars:

Shops:
D:2 (

Annotations:
D:3 Robin

.).#..g..#.g...#.g...#.g...###.##
########.#.#########.#[#####.#.##
.g.......#..g........#...g.'.....
############################....#
##.# #.... #....##.... ##....
...# #....##.##.....# ..#.## ####
.....#.##.....# ####.#
...#.##.w8..# ..#
#.###.#...@Z...# ##.. #
#.......#..Z...# #.. ##
#####.#######.## .## ##.###.# #
..####...##.#######
..'.....†..........
..####...##.####.## .## ##.###.#
## ### #.#


You could see a worm, a scorpion zombie and a ball python skeleton.


Message History

A hobgoblin comes into view.
The hobgoblin shouts!
One of your tentacles grows a vicious spike.
MP[-1]
You lost 1 mp, and now have 6/7 mp.
There is an open door here.
You tentacle-slap the hobgoblin. You grab the hobgoblin.
You pierce the hobgoblin.
You kill the hobgoblin!
No target in view!
No target in view!
No target in view!
No target in view!
No target in view!
No target in view!
No target in view!
No target in view!
No target in view!
No target in view!
No target in view!
No target in view!
No target in view!
No target in view!
No target in view!
No target in view!
No target in view!
Your transformation is almost over.
Your tentacle spike disappears.
You open the door.
There is an open door here.
You open the door.
There is an open door here.
You open the door.
A ball python comes into view.
MP[+1]
Your mp is fully restored (7).
One of your tentacles grows a vicious spike.
MP[-1]
You lost 1 mp, and now have 6/7 mp.
There is an open door here.
Your transformation is almost over.
The helpless ball python fails to defend itself.
You bludgeon the ball python!
You kill the ball python!
No target in view!
No target in view!
No target in view!
No target in view!
No target in view!
No target in view!
No target in view!
No target in view!
No target in view!
No target in view!
No target in view!
No target in view!
No target in view!
No target in view!
No target in view!
You see here a ball python corpse.
Your tentacle spike disappears.
A worm comes into view.
MP[+1]
Your mp is fully restored (7).
One of your tentacles grows a vicious spike.
MP[-1]
You lost 1 mp, and now have 6/7 mp.
A ball python skeleton and a scorpion zombie come into view.
Your transformation is almost over.
The helpless scorpion zombie fails to defend itself.
You tentacle-slap the scorpion zombie but do no damage.
You grab the scorpion zombie.
You pierce the scorpion zombie, but do no damage.
You constrict the scorpion zombie, but do no damage.
The scorpion zombie hits you!
HP[-7]
You take 7 damage, and now have 22/29 hp.
MASSIVE DAMAGE!! (PAUSE)
You tentacle-slap the scorpion zombie but do no damage.
You constrict the scorpion zombie. The scorpion zombie hits you.
HP[-1]
You take 1 damage, and now have 21/29 hp.
You completely miss the scorpion zombie.
You squeeze the scorpion zombie.
You constrict the scorpion zombie, but do no damage.
The ball python skeleton bites you.
The ball python skeleton barely misses you.
The scorpion zombie hits you!
* * * LOW HITPOINT WARNING * * *
HP[-9]
You take 9 damage, and now have 12/29 hp.
MASSIVE DAMAGE!! (PAUSE)
You tentacle-slap the scorpion zombie.
You pierce the scorpion zombie, but do no damage.
You squeeze the scorpion zombie. You constrict the scorpion zombie.
The ball python skeleton closely misses you. x2
The scorpion zombie hits you.
* * * LOW HITPOINT WARNING * * *
The worm bites you.
You die...

Skill      XL: |  1  2  3  4 |
---------------+-------------+-----
Stealth        | 1 2 |  2.3
Fighting       | 2 |  2.0
Dodging        | |  2.6
Unarmed Combat | |  3.9
Spellcasting   | |  2.0
Transmutations | |  2.0

Action                   |  1- 3 |  4- 6 || total
-------------------------+-------+-------++-------
Melee: Unarmed           |    54 |    21 ||    75
       Tentacles         |    16 |     6 ||    22
       Kick              |    17 |     5 ||    22
       Constrict         |    16 |     7 ||    23
       Punch             |     1 |     1 ||     2
 Cast: Beastly Appendage |    23 |     6 ||    29
 Stab: Sleeping          |     5 |     3 ||     8
Armor: Skin              |     3 |     1 ||     4
Dodge: Dodged            |    24 |    12 ||    36

Levels and vault maps discovered:
D:1:      shiori_arrival_elements, layout_basic,
          hellmonk_ecumenical_altar_slurped_away
D:2:      layout_basic, serial_shops, shop
D:3:      layout_loops_corners, serial_undead, serial_undead_c, serial_undead_f,
          serial_undead_d, serial_undead_a, serial_undead_d,
          roderic_serpentine_path, minmay_starry_boxes, uniq_robin

Notes
Turn   | Place    | Note
-------+----------+-------------------------------------------
     0 | D:1      | zeratav the Octopode Transmuter began the quest for the
                  | Orb.
     0 | D:1      | Reached XP level 1. HP: 13/13 MP: 3/3
     0 | D:1      | magus.rc [v1.9.6]
   154 | D:1      | Reached XP level 2. HP: 18/18 MP: 3/5
   218 | D:1      | Reached skill level 1 in Stealth
   461 | D:1      | Found a faded altar of an unknown god.
   718 | D:2      | Reached XP level 3. HP: 22/23 MP: 4/6
  1048 | D:2      | Found Potsoleoxt's Weapon Shoppe.
  1108 | D:2      | You add the spells Conjure Flame, Ignite Poison and Sticky
                  | Flame to your library.
  1425 | D:3      | Reached skill level 2 in Stealth
  1429 | D:3      | Reached XP level 4. HP: 15/29 MP: 7/7
  1825 | D:3      | Reached skill level 2 in Fighting
  1830 | D:3      | Noticed Robin
  1836 | D:3      | HP: 5/29 [gnoll/+0 spear (6)]
  1904 | D:3      | HP: 7/29 [kobold/+0 dagger (4)]
  2307 | D:3      | HP: 6/29 [scorpion zombie (6)]
  2307 | D:3      | Slain by a worm

Vanquished Creatures
  2 adders
  An adder zombie (D:3)
  An adder skeleton (D:3)
  2 dart slugs (D:1)
  5 orcs (D:3)
  6 ball pythons
  4 bats
  An endoplasm (D:1)
  2 giant cockroaches
  7 goblins
  2 hobgoblins
  4 kobolds
  3 quokkas
  A ball python skeleton (D:3)
  A jackal skeleton (D:3)
  A rat (D:1)
43 creatures vanquished.

Table legend:
 A = Non-vault XP
 B = Vault XP
 C = Vault XP percentage of total XP
 D = Non-vault monster count
 E = Vault monster count
 F = Vault count percentage of total count
                 A         B        C        D         E       F
            +---------+---------+-------+---------+---------+-------
      Total |      93 |      25 |  21.2 |      32 |      11 |  25.6
            +---------+---------+-------+---------+---------+-------
        D:1 |      31 |       2 |   6.1 |      14 |       1 |   6.7
        D:2 |      27 |       0 |   0.0 |       8 |       0 |   0.0
        D:3 |      35 |      23 |  39.7 |      10 |      10 |  50.0
            +---------+---------+-------+---------+---------+-------

Illustrated notes

Table legend:
 A = Kills in this place as a percentage of kills in entire the game.
 B = Kills by you in this place as a percentage of kills by you in the entire game.
 C = Kills by friends in this place as a percentage of kills by friends in the entire game.
 D = Other kills in this place as a percentage of other kills in the entire game.
 E = Experience gained in this place as a percentage of experience gained in the entire game.
 F = Experience gained in this place divided by the number of levels of this place that you have seen.
                   A       B       C       D       E      F
               +-------+-------+-------+-------+-------+----------------------
         Total | 100.0 | 100.0 |   N/A |   N/A | 100.0 |  39.3
       Dungeon | 100.0 | 100.0 |   N/A |   N/A | 100.0 |  39.3
               +-------+-------+-------+-------+-------+----------------------

Table legend: (Time is in decaauts)
 A = Elapsed time spent in this place.
 B = Non-inter-level travel time spent in this place.
 C = Inter-level travel time spent in this place.
 D = Time resting spent in this place.
 E = Time spent auto-exploring this place.
 F = Levels seen in this place.
 G = Mean time per level.
                   A        B        C        D        E       F      G
               +--------+--------+--------+--------+--------+-----+--------+
         Total |   2302 |   2269 |     33 |    215 |   1695 |   3 |  767.3 |
       Dungeon |   2302 |   2269 |     33 |    215 |   1695 |   3 |  767.3 |
               +--------+--------+--------+--------+--------+-----+--------+

Top non-repeatable levels by time:
     D:2: 889 daAuts
     D:1: 709 daAuts
     D:3: 703 daAuts
